Map: Blueshift LE

Players

AMERICA

  • Race: Protoss Protoss
  • League: Diamond
  • Spawn Location: 7:00

SeedMarine - Winner!

  • Race: Terran Terran
  • League: Diamond
  • Spawn Location: 1:00

VOD

Have the link to the VOD?

Description

Time

  • Played on: Sept. 8, 2018, 8:26 a.m.
  • Length: 8:45
Show
View Real Time Build Order
Export as new Build Order

AMERICA Protoss 

Build Orders: 1 Gate Expand, Blink Stalkers 

Get SALT Encoding   

  12  0:01  Probe  
  13  0:13  Probe  
  14  0:18  Pylon  
  14  0:25  Probe  
  15  0:35  Probe  
  15  0:38  Gateway  
  16  0:43  Probe  
  16  0:48  Assimilator  
  17  0:51  Probe  
  18  1:03  Probe  
  19  1:16  Probe  
  20  1:31  Nexus  
  20  1:39  Cybernetics Core  
  20  1:45  Probe  
  21  1:47  Assimilator  
  21  1:55  Pylon  
  21  1:58  Probe  
  22  2:07  Stalker  
  22  2:10  Probe  
  23  2:19  Warp Gate, Probe  
  25  2:27  Probe  
  26  2:35  Twilight Council  
  27  2:41  Blink  
  27  2:43  Stalker  
  29  2:45  Probe  
  29  2:48  Probe  
  31  2:57  Probe  
  32  3:00  Probe  
  33  3:09  Probe  
  33  3:12  Probe  
  35  3:21  Probe  
  35  3:24  Probe  
  35  3:25  Gateway  
  37  3:27  Gateway  
  37  3:33  Probe  
  38  3:36  Probe  
  39  3:42  Stalker  
  39  3:47  Pylon  
  39  3:56  Probe x2  
  40  4:08  Probe x2, Robotics Facility  
  42  4:10  Assimilator  
  42  4:20  Probe x2  
  44  4:25  Pylon  
  44  4:27  Stalker x2  
  44  4:28  Stalker  
  50  4:32  Probe  
  51  4:52  Nexus  
  51  4:54  Stalker x3  
  56  5:06  Probe x2  
  58  5:07  Observer  
  59  5:18  Probe  
  60  5:25  Assimilator  
  60  5:26  Pylon  
  60  5:29  Observer  
  60  5:34  Stalker  
  62  5:43  Pylon  
  54  5:58  Stalker  
  54  5:59  Probe x2  
  56  6:11  Probe x2  
  56  6:12  Probe  
  59  6:23  Probe  
  59  6:24  Probe  
  58  6:36  Probe x2  
  58  6:38  Probe  
  60  6:40  Charge  
  60  6:48  Probe x2  
  60  6:50  Probe  
  63  7:00  Probe x2  
  65  7:02  Probe  
  65  7:06  Observer  
  67  7:12  Probe x2  
  67  7:13  Gateway  
  67  7:14  Gateway, Probe  
  70  7:17  Gateway  
  70  7:18  Zealot x2  
  70  7:19  Gateway  
  74  7:30  Zealot  
  74  7:34  Pylon  
  76  7:40  Zealot  
  76  7:41  Zealot  
  78  7:55  Zealot  
  64  8:06  Zealot  
  64  8:07  Stalker  
  64  8:12  Zealot x2  
  72  8:26  Zealot  
  69  8:32  Zealot x3  
  69  8:33  Zealot  
Show
View Real Time Build Order
Export as new Build Order

SeedMarine Terran - Winner!

Build Orders: Reaper Expand, MMM Bio 

Get SALT Encoding   

  12  0:00  SCV  
  13  0:13  SCV  
  14  0:17  Supply Depot  
  14  0:26  Refinery  
  14  0:27  SCV  
  15  0:39  SCV  
  16  0:45  Barracks  
  16  0:52  SCV  
  17  1:04  SCV  
  18  1:16  SCV  
  19  1:34  Orbital Command  
  19  1:35  Reaper  
  20  1:48  Command Center  
  20  2:02  Factory  
  20  2:05  SCV  
  20  2:08  Barracks Reactor  
  21  2:19  SCV  
  22  2:27  Supply Depot  
  22  2:31  SCV  
  23  2:48  Marine x2  
  23  2:49  Widow Mine  
  27  2:51  SCV  
  27  2:52  Refinery  
  27  2:53  Starport  
  28  3:00  Orbital Command  
  28  3:03  SCV  
  28  3:04  Bunker  
  29  3:12  Widow Mine  
  31  3:13  Marine  
  31  3:15  SCV  
  31  3:16  Marine  
  34  3:27  SCV x2  
  34  3:32  Medivac  
  38  3:39  SCV  
  38  3:40  Marine x2  
  43  3:41  Widow Mine  
  43  3:43  SCV  
  44  3:55  SCV, Barracks  
  45  4:00  SCV, Liberator  
  46  4:11  Factory Tech Lab  
  46  4:15  Barracks  
  46  4:17  Marine x2  
  46  4:18  SCV  
  46  4:20  SCV  
  46  4:21  Supply Depot  
  46  4:22  Supply Depot  
  53  4:30  SCV  
  54  4:33  Engineering Bay  
  54  4:43  Siege Tank  
  54  4:44  SCV x2  
  59  5:00  Marine x2  
  59  5:01  Barracks Tech Lab  
  59  5:03  Starport Reactor  
  59  5:13  Barracks Tech Lab  
  59  5:14  Terran Infantry Weapons Level 1  
  59  5:15  Supply Depot  
  59  5:17  SCV x2  
  59  5:19  Barracks, Refinery  
  59  5:20  Refinery  
  61  5:21  Supply Depot  
  61  5:23  Supply Depot  
  61  5:29  SCV x2  
  63  5:44  SCV x2  
  65  5:57  Marine x2  
  65  5:58  Marauder x2  
  65  6:02  SCV x2  
  69  6:11  Combat Shields  
  69  6:14  Stimpack  
  69  6:15  Barracks Tech Lab  
  69  6:16  SCV, Supply Depot  
  69  6:18  SCV, Command Center  
  71  6:24  Engineering Bay  
  69  6:30  SCV  
  69  6:31  Marine x2  
  69  6:32  Marauder x2  
  76  6:33  Siege Tank  
  79  6:41  SCV  
  79  6:43  Marauder  
  79  6:45  Supply Depot  
  81  6:48  Concussive Shells  
  81  6:52  Medivac, Barracks  
  81  6:53  Marauder  
  85  6:54  SCV  
  85  6:57  SCV  
  87  7:02  Armory  
  87  7:07  Marauder  
  87  7:08  Marine  
  91  7:15  SCV  
  91  7:20  Marine, Marauder  
  91  7:21  Marauder, Siege Tank  
  99  7:23  SCV  
  99  7:29  Supply Depot  
  100  7:31  Marine  
  100  7:32  Marauder  
  100  7:34  SCV  
  100  7:35  Orbital Command  
  104  7:42  Marauder  
  106  7:45  Marauder  
  107  7:54  Marauder  
  106  7:58  Siege Tank  
  106  8:02  Marine  
  106  8:03  Marauder  
  108  8:06  SCV x2  
  108  8:07  Marauder  
  108  8:08  Medivac x2  
  108  8:12  Barracks Reactor  
  116  8:15  Marauder  
  116  8:18  SCV x2  
  116  8:31  SCV x2  
  125  8:38  Supply Depot x2  
Tags
 
Add a new tag
Caveats
  • Supply blocks, unpowered buildings, or Contaminate may cause inaccurate times.
  • Supply counts are checked every 10 seconds.